AoeStats
← Xx_KeVIN_zZ

Arena

508545792Analyzed
4v4 RM · 26d ago on Sep 23, 2026· 55m 34s· 8 players
Game mode
Random Map
Map size
Large (8 player)
Population
200
Speed
Normal
Resources
Standard
Victory
Conquest
Starting age
Dark Age
Ending age
Imperial Age
RankedLock teamsTeams togetherTeam positionsShared explorationLock speedFull tech treeHidden civsTurbo modeCheats
Victory
Defeat
🇺🇸 Hindustanis · United States
1243
+17
🇺🇸 Celts · United States
1228
+18
🇨🇱 Saxons · Chile
1191
+19
🇺🇸 Aztecs · United States
1180
+20
vs
🇲🇽 Danes · Mexico
1363
-21
🇨🇴 Khmer · Colombia
1243
-18
🇨🇴 Franks · Colombia
1242
-18
🇹🇼 Bohemians · Taiwan
1228
-17
Kryptonknight
10:32 Feudal Age
11:40 Double-Bit Axe
14:29 Castle Age
12:30 Horse Collar
15:33 Bow Saw
15:50 Heavy Plow
19:35 Wheelbarrow
19:32 Scale Barding Armor
20:38 Scale Barding Armor
21:31 Husbandry
23:03 Chain Barding Armor
24:27 Forging
25:57 Hand Cart
25:28 Loom
28:27 Iron Casting
27:54 Elite Skirmisher
31:50 Imperial Age
33:35 Blast Furnace
32:35 Cavalier
34:25 Scale Mail Armor
34:15 Fletching
34:42 Town Watch
35:24 Ballistics
36:04 Chemistry
35:48 Bodkin Arrow
35:50 Heavy Mounted Crossbowman
36:59 Paladin
37:46 Padded Archer Armor
39:09 Leather Archer Armor
41:01 Town Patrol
44:08 Ring Archer Armor
43:27 Arrowslits
44:21 Stronghold
45:21 Capped Ram
46:36 Chain Mail Armor
46:23 Murder Holes
47:36 Siege Ram
50:28 Siege Engineers
52:51 Gold Mining
52:52 Stone Mining
54:25 Masonry
Peter von Kerman
10:42 Feudal Age
12:31 Double-Bit Axe
15:01 Castle Age
16:27 Bow Saw
15:59 Horse Collar
16:33 Loom
18:35 Sanctity
19:05 Redemption
21:24 Sanctity
23:01 Fervor
31:24 Imperial Age
30:37 Atonement
33:04 Illumination
32:57 Block Printing
35:01 Theocracy
40:10 Forging
40:00 Scale Mail Armor
43:07 Chain Mail Armor
43:27 Iron Casting
43:57 Wheelbarrow
42:52 Elite Jaguar Warrior
43:53 Conscription
44:48 Plate Mail Armor
45:18 Blast Furnace
45:25 Hand Cart
46:50 Blast Furnace
47:04 Capped Ram
48:03 Gold Mining
50:59 Gold Shaft Mining
50:36 Squires
50:22 Arson
51:17 Garland Wars
51:22 Fletching
SebastianxAndrew
10:19 Feudal Age
12:07 Double-Bit Axe
16:23 Castle Age
14:11 Loom
15:54 Horse Collar
17:41 Fletching
27:17 Wheelbarrow
29:15 Hand Cart
29:41 Bow Saw
33:09 Imperial Age
31:44 Town Watch
32:10 Scale Mail Armor
32:20 Forging
32:12 Squires
31:57 Arson
32:02 Gambesons
32:54 Stone Mining
32:54 Gold Mining
34:35 Iron Casting
34:15 Chain Mail Armor
35:27 Ballistics
36:08 Chemistry
37:05 Plate Mail Armor
36:39 Padded Archer Armor
36:34 Bodkin Arrow
37:54 Two-Man Saw
38:30 Shield Wall
38:34 Elite Varangian Guard
40:06 Bloodlines
39:56 Husbandry
40:37 Elite Hearth Troop
41:51 Leather Archer Armor
42:31 Conscription
42:36 Man-at-Arms
43:18 Cranequins
43:20 Heavy Mounted Crossbowman
44:06 Thumb Ring
44:02 Bracer
44:32 Ring Archer Armor
46:38 Siege Engineers
46:43 Long Swordsman
46:43 Pikeman
49:12 Two-Handed Swordsman
51:38 Onager
53:43 Halberdier
55:20 Champion
56:02 Gold Mining
DUDA
10:36 Feudal Age
14:34 Castle Age
12:25 Double-Bit Axe
14:10 Horse Collar
16:33 Bow Saw
17:54 Fervor
21:34 Scale Barding Armor
22:30 Bloodlines
23:28 Heavy Plow
23:45 Gold Mining
24:50 Wheelbarrow
24:27 Light Cavalry
25:09 Husbandry
26:25 Gold Shaft Mining
26:51 Hand Cart
31:24 Imperial Age
30:43 Chain Barding Armor
30:34 Forging
30:48 Town Watch
31:15 Masonry
31:52 Padded Archer Armor
32:15 Ballistics
33:58 Chemistry
32:45 Hussar
33:48 Conscription
33:29 Shatagni
34:46 Plate Barding Armor
34:47 Iron Casting
34:28 Leather Archer Armor
35:13 Siege Engineers
35:03 Fletching
40:01 Stone Mining
41:13 Two-Man Saw
41:37 Blast Furnace
41:08 Ring Archer Armor
44:50 Heavy Camel Rider
46:42 Caravan
47:36 Imperial Camel Rider
53:07 Bodkin Arrow
AM | Rick2
11:09 Feudal Age
14:13 Castle Age
12:14 Double-Bit Axe
12:09 Horse Collar
15:56 Bow Saw
15:47 Heavy Plow
21:35 Wheelbarrow
26:15 Imperial Age
24:37 Hand Cart
25:55 Scale Mail Armor
26:06 Forging
25:24 Pikeman
27:09 Chain Mail Armor
26:21 Halberdier
27:37 Crop Rotation
27:35 Ballistics
28:16 Chemistry
28:19 Iron Casting
31:32 Blast Furnace
31:20 Stone Mining
31:21 Gold Mining
33:23 Conscription
33:23 Double Crossbow
33:55 Clinker Construction
33:55 Careening
33:52 Heavy Scorpion
35:05 Siege Engineers
38:15 Stone Shaft Mining
38:27 Gold Shaft Mining
38:50 Scale Barding Armor
39:27 Bloodlines
39:18 Husbandry
38:38 Light Cavalry
40:54 Chain Barding Armor
40:48 Hussar
43:05 Plate Barding Armor
46:12 Town Watch
Xx_KeVIN_zZ
11:09 Feudal Age
15:16 Castle Age
13:23 Double-Bit Axe
23:57 Bow Saw
26:17 Wheelbarrow
27:02 Gold Mining
29:57 Imperial Age
27:44 Hand Cart
28:01 Forging
28:18 Husbandry
28:39 Scale Barding Armor
29:47 Gold Shaft Mining
30:05 Chain Barding Armor
30:23 Iron Casting
30:06 Cavalier
31:31 Plate Barding Armor
34:30 Blast Furnace
32:57 Paladin
44:27 Padded Archer Armor
44:19 Fletching
45:56 Scale Mail Armor
45:52 Bodkin Arrow
46:54 Light Cavalry
49:24 Leather Archer Armor
48:55 Elite Skirmisher
49:54 Chain Mail Armor
51:23 Chemistry
50:44 Ballistics
50:09 Pikeman
50:49 Squires
50:35 Arson
51:39 Plate Mail Armor
HK El Primo
10:43 Feudal Age
14:56 Castle Age
13:14 Forging
12:54 Horse Collar
13:05 Double-Bit Axe
15:42 Forging
20:50 Loom
21:57 Fletching
26:14 Gold Mining
27:52 Gold Shaft Mining
27:39 Bow Saw
27:34 Heavy Plow
31:10 Imperial Age
28:35 Elite Skirmisher
29:33 Bodkin Arrow
29:53 Padded Archer Armor
31:13 Ballistics
30:58 Squires
30:46 Arson
30:47 Gambesons
31:22 Thumb Ring
32:03 Bracer
34:00 Scale Mail Armor
34:36 Iron Casting
33:50 Elite Varangian Guard
36:35 Conscription
37:57 Blast Furnace
37:13 Chain Mail Armor
37:55 Onager
39:37 Chemistry
42:57 Siege Engineers
49:16 Pikeman
50:29 Plate Mail Armor
50:05 Scale Barding Armor
3A
7:33 Loom
9:33 Feudal Age
14:58 Castle Age
13:05 Double-Bit Axe
16:35 Horse Collar
19:45 Wheelbarrow
20:07 Town Watch
20:51 Bow Saw
21:45 Forging
22:09 Pikeman
26:16 Scale Mail Armor
26:52 Devotion
28:54 Hand Cart
29:45 Fortified Wall
40:19 Squires
43:20 Chain Mail Armor
43:41 Iron Casting
52:00 Imperial Age
52:12 Imperial Age
50:31 Fletching
50:42 Padded Archer Armor
51:58 Bodkin Arrow
52:40 Leather Archer Armor
Connection lost

Rejoining the realm…

Still unreachable

The connection could not be restored.

Session expired

The server has moved on; the page needs a fresh start.